 Dungeon Crawl Stone Soup version 0.30-a0-881-g1ff12e1e11 (webtiles) character file.

Game seed: 1130941190764035516

87166 Pooter the Marksminotaur (level 15, -1/143 HPs)
             Began as a Minotaur Berserker on Mar 13, 2023.
             Was an Elder of Trog.
             Slain by an ironbound frostheart (8 damage)
             ... summoned by an orange crystal statue
             ... in an ice cave on Mar 15, 2023.
             The game lasted 02:32:29 (29932 turns).

Pooter the Marksminotaur (Minotaur Berserker)      Turns: 29932, Time: 02:32:30

Health: -1/143     AC: 24    Str: 27      XL:     15   Next: 42%
Magic:  0/14       EV: 13    Int:  8 (14) God:    Trog [****..]
Gold:   253        SH:  0    Dex: 17      Spells: 14/14 levels left

rFire   . . .      SeeInvis +    a - +1 dire flail (heavy)
rCold   + . .      Faith    .    (shield currently unavailable)
rNeg    . . .      Spirit   .    W - +8 plate armour of Keamp {Will+ Int+3}
rPois   .          Reflect  .    (helmet unavailable)
rElec   .          Rampage  .    (no cloak)
rCorr   +                        K - +2 pair of gloves "Osuagraq" {Will+ Int+4 SInv}
Will    +++++                    A - +0 pair of boots Stlth
                                 w - amulet of regeneration
HPRegen 2.23/turn                i - +5 ring of evasion
MPRegen 0.14/turn                v - ring "Detan" {Will+ rCorr Int+2 Dex+4}

@: strong-willed, frozen, on berserk cooldown, regenerating, slowed, very slow
A: horns 3, retaliatory headbutt, agile 1, cold resistance 1, subdued magic 1
a: Renounce Religion, Berserk, Trog's Hand, Brothers in Arms


You were in an ice cave.
You worshipped Trog.
Trog was greatly pleased with you.
You visited 3 branches of the dungeon, and saw 22 of its levels.
You also visited: Gauntlet and Ice Cave.

You collected 2993 gold pieces.
You spent 2740 gold pieces at shops.

Inventory:

Hand Weapons
 a - a +1 heavy dire flail (weapon)
   (You found it on level 11 of the Dungeon)
 b - a +3 arbalest of electrocution
   (You bought it in a shop on level 9 of the Dungeon)
 y - a +2 dire flail of freezing
   (You took it off a wight on level 8 of the Dungeon)
 V - a +4 antimagic great mace
   (Trog gifted it to you on level 2 of the Orcish Mines)
Missiles
 o - a javelin
 p - 62 poisoned darts
 r - 6 curare-tipped darts
 E - 2 throwing nets {!f}
 I - 11 boomerangs (quivered)
 Q - 5 boomerangs of dispersal {!f}
 T - 2 silver boomerangs
Armour
 A - a +0 pair of boots (worn)
   (You found it on level 1 of the Lair of Beasts)
 K - the +2 pair of gloves "Osuagraq" (worn) {Will+ Int+4 SInv}
   (You acquired it on level 3 of the Lair of Beasts)

   Int:       It affects your intelligence (+4).
   SInv:      It lets you see invisible.
   Will:      It increases your willpower.
 W - the +8 plate armour of Keamp (worn) {Will+ Int+3}
   (You bought it in a shop on level 2 of the Orcish Mines)

   Int:       It affects your intelligence (+3).
   Will:      It increases your willpower.
Jewellery
 i - a +5 ring of evasion (left hand)
   (You took it off a centaur on level 14 of the Dungeon)
 l - a +6 ring of dexterity
   (You found it on level 2 of the Dungeon)
 v - the ring "Detan" (right hand) {Will+ rCorr Int+2 Dex+4}
   (You bought it in a shop on level 2 of the Orcish Mines)

   [ring of willpower]

   Int:       It affects your intelligence (+2).
   Dex:       It affects your dexterity (+4).
   rCorr:     It protects you from acid and corrosion.
   Will:      It increases your willpower.
 w - an amulet of regeneration (around neck)
   (You found it on level 1 of the Lair of Beasts)
 F - the ring "Kigoacw" {rF+ rCorr}
   (You took it off a minotaur in a Gauntlet)

   [ring of resist corrosion]

   rF:        It protects you from fire.
   rCorr:     It protects you from acid and corrosion.
 N - a ring of positive energy
   (You found it in a Gauntlet)
 S - a ring of see invisible
   (You found it on level 11 of the Dungeon)
 X - a ring of flight
   (You bought it in a shop on level 2 of the Orcish Mines)
Wands
 d - a wand of iceblast (5)
   (You found it on level 10 of the Dungeon)
 f - a wand of flame (8)
   (You took it off a kobold brigand on level 9 of the Dungeon)
 s - a wand of polymorph (8)
   (You took it off Ijyb on level 4 of the Dungeon)
 u - a wand of paralysis (10)
   (You found it on level 5 of the Dungeon)
 D - a wand of digging (9)
   (You found it on level 6 of the Dungeon)
 H - a wand of quicksilver (4)
   (You found it on level 8 of the Dungeon)
 U - a wand of mindburst (5)
   (You found it in a Gauntlet)
Scrolls
 c - 6 scrolls of fear
 g - 4 scrolls of noise {!r}
 k - a scroll of silence
 m - 2 scrolls of immolation {!r}
 t - 3 scrolls of teleportation {@r4}
 G - a scroll of poison {unknown}
 L - a scroll of fog
 M - a scroll of blinking {unknown}
 O - 3 scrolls of summoning
 Y - a scroll of vulnerability {!r}
Potions
 e - 5 potions of mutation {!q}
 h - 10 potions of heal wounds {@q2}
 j - 7 potions of attraction {!q}
 n - 6 potions of lignification {!q}
 q - 8 potions of curing {@q1}
 x - 3 potions of ambrosia
 z - 4 potions of cancellation
 J - 3 potions of might
 P - a potion of flight
 R - 2 potions of resistance
 Z - 3 potions of haste {@q3}
Miscellaneous
 C - a box of beasts
   (You found it in a Gauntlet)


   Skills:
 + Level 15.7 Fighting
 - Level 14.5(17.5) Axes
 - Level 16.2(18.3) Maces & Flails
 * Level 17.1 Ranged Weapons
 + Level 5.2 Armour
 - Level 2.1 Dodging
 + Level 3.4 Stealth
 + Level 3.3 Evocations


You had 14 spell levels left.
You didn't know any spells.
Your spell library was empty.

Dungeon Overview and Level Annotations

Branches:
Dungeon (15/15)            Temple (0/1) D:4            Lair (5/5) D:11
 Shoals (0/4) Lair:3        Snake (0/4) Lair:2        Slime (0/5) Lair:5
    Orc (2/2) D:12            Elf (0/3) Orc:2        Vaults (0/5) D:13
  IceCv (1/1)             Gauntlet (visited)
 Depths: D:15

Altars:
Ashenzari
Dithmenos
Nemelex Xobeh
Ru
Trog
Vehumet
Jiyva

Shops:
D:3 !   D:9 [:(   D:13 (   Orc:2 [(==

Annotations:
IceCv exclusion: orange crystal statue


Innate Abilities, Weirdness & Mutations

You have a pair of large horns on your head.
You reflexively headbutt those who attack you in melee.
You are agile. (Dex +4, Str/Int -1)
Your flesh is cold resistant. (rC+)
Your spells are a little easier to cast, but a little less powerful.


Message History

The ice dragon tramples you!
* * * LOW HITPOINT WARNING * * *
You hold your ground!
The polar bear closely misses you. You furiously retaliate!
You headbutt the polar bear!!
You kill the polar bear!
The polar bear's corpse dissolves into shadows!
The orange crystal statue glitters.
You completely miss the orange crystal statue.
The ice dragon dissolves into shadows!
The ironbound frostheart calls freezing cold from the walls.
The frost grips you! You resist.
* * * LOW HITPOINT WARNING * * *
The rime drake bites you but does no damage.
The rime drake barely misses you.
The ironbound frostheart barely misses you.
You sock the orange crystal statue! The ice encasing you melts away.
The rime drake breathes ice at you. The icy flash freeze misses you.
The icy flash freeze hits the orange crystal statue!
The orange crystal statue partially resists.
The orange crystal statue is flash-frozen.
The rime drake bites you but does no damage.
The ice dragon breathes frost at you. The blast of cold hits you! You resist.
* * * LOW HITPOINT WARNING * * *
The orange crystal statue fixes its piercing gaze on you.
You feel your power leaking away.
* * * LOW MAGIC WARNING * * *
The rime drake breathes ice at you.
The icy flash freeze hits you but does no damage.
You are encased in ice.
The ironbound frostheart touches you.
* * * LOW HITPOINT WARNING * * *
The ironbound frostheart freezes you! You resist.
* * * LOW HITPOINT WARNING * * *
The rime drake bites you but does no damage.
You hit the orange crystal statue but do no damage.
The ice dragon bites you.
* * * LOW HITPOINT WARNING * * *
The ice dragon closely misses you.
The ice dragon tramples you but does no damage.
The orange crystal statue glitters topaz in the dim dungeon light.
The orange crystal statue glitters.
You resist with almost no effort.
The rime drake bites you but does no damage. x2
The ironbound frostheart touches you!
* * * LOW HITPOINT WARNING * * *
The ironbound frostheart freezes you! You resist.
You die...

##### # ###...## .
# ##......# .#$
##...##..# ###.#
###...##...#
#.(.####...####..##
#p8k##...####...#
#@D.##..# #....#
#k.###..####..∩#
#..####..##∩..##
##..#.....#####
##(†..#.## ########


You could see an ice dragon (summoned, catching breath), an orange crystal
statue (frozen), an ironbound frostheart (summoned) and 2 rime drakes.

Vanquished Creatures
  Kirke (Lair:4)
  A minotaur (Gauntlet)
  Snorg (Lair:4)
  An entropy weaver (shapeshifter) (D:15)
  2 vault guards (D:13)
  6 hydras
  A catoblepas (Lair:5)
  4 centaur warriors
  A two-headed ogre (D:9)
  4 orc high priests (Orc:2)
  2 tengu warriors (D:14)
  A hell hog (Gauntlet)
  13 spriggans (Lair:5)
  A skyshark (Lair:4)
  4 skeletal warriors (D:14)
  2 lindwurms
  A wizard (Gauntlet)
  Pikel (D:5)
  An orange crystal statue (Gauntlet)
  4 orc knights
  4 deep elf pyromancers
  An oklob plant (D:11)
  The ghost of LobsterGuardian the Chopper, a novice DsGl of Uskayaw (D:6)
  5 ugly things
  4 orc sorcerers
  2 manticores
  24 elephants
  6 cyclopes
  5 black mambas
  2 ice statues (D:15)
  2 gargoyles
  9 cane toads
  6 rime drakes
  7 komodo dragons
  2 unseen horrors
  A freezing wraith (D:14)
  A kobold demonologist (D:13)
  2 efreet
  6 hornets
  9 trolls
  10 polar bears
  Grinder (D:3)
  A raiju (Gauntlet)
  A snapping turtle (Lair:3)
  9 blink frogs
  2 dream sheep (Lair:5)
  2 shadows
  7 wyverns
  A vampire (D:13)
  5 hogs
  4 wraiths
  46 yaks
  A centaur simulacrum (D:14)
  4 fire bats (Gauntlet)
  6 vampire mosquitoes
  4 steam dragons
  A fire elemental (Gauntlet)
  2 basilisks
  4 wargs
  3 nagas (Lair:2)
  10 water moccasins
  3 acid dragons
  5 hell hounds (Gauntlet)
  Duvessa (D:6)
  23 orc warriors
  3 sky beasts (D:7)
  2 ice beasts
  5 black bears
  33 wolves
  9 centaurs
  8 ogres
  7 boggarts
  A lemure (D:5)
  2 phantoms (D:5)
  3 kobold brigands
  4 bullfrogs
  3 gnoll sergeants
  2 scorpions
  10 wights
  Dowan (D:6)
  15 killer bees
  7 howler monkeys
  3 electric eels
  3 jellies (D:6)
  A gnoll bouda (D:6)
  21 orc priests
  2 sleepcaps
  5 hounds
  Ijyb (D:4)
  2 iguanas (D:5)
  25 orc wizards
  Natasha (D:3)
  Robin (D:4)
  10 gnolls
  7 adders
  4 shadow imps
  2 ufetubi (D:5)
  7 worms
  2 dart slugs
  72 orcs
  6 ball pythons
  4 bats
  5 endoplasms
  2 giant cockroaches (D:1)
  7 goblins
  9 hobgoblins
  2 jackals (D:3)
  4 quokkas
  3 training dummies (D:13)
  2 frilled lizards (D:1)
  31 kobolds
  6 rats
  A bush (D:11)
673 creatures vanquished.

Vanquished Creatures (collateral kills)
  2 vault guards (D:13)
  A vampire mosquito (D:13)
3 creatures vanquished.

Vanquished Creatures (others)
  An orc wizard (D:6)
  An adder (D:6)
  2 kobolds (D:10)
  A demonic plant (Gauntlet)
  38 fungi
  49 plants
  2 withered plants (D:6)
94 creatures vanquished.

Grand Total: 770 creatures vanquished

Notes
Turn   | Place    | Note
-------+----------+-------------------------------------------
     0 | D:1      | Pooter the Minotaur Berserker began the quest for the Orb.
     0 | D:1      | Reached XP level 1. HP: 19/19 MP: 0/0
   162 | D:1      | Reached XP level 2. HP: 26/27 MP: 1/1
   943 | D:2      | Reached XP level 3. HP: 33/33 MP: 2/2
   983 | D:2      | Identified a scroll of acquirement
   984 | D:2      | Acquired 831 gold pieces
  1027 | D:2      | Reached ** piety under Trog
  1071 | D:2      | Found a faded altar of an unknown god.
  1349 | D:2      | Reached skill level 5 in Axes
  1444 | D:3      | Reached XP level 4. HP: 30/41 MP: 3/3
  1576 | D:3      | Gained mutation: You expend magic power (3 MP) to
                  | strengthen your wands. [potion of mutation]
  1577 | D:3      | Lost mutation: You expend magic power (3 MP) to strengthen
                  | your wands. [potion of mutation]
  1577 | D:3      | Gained mutation: Armour fits poorly on your strangely
                  | shaped body. [potion of mutation]
  1577 | D:3      | Gained mutation: You are frail. (-10% HP) [potion of
                  | mutation]
  1578 | D:3      | Lost mutation: You are frail. (-10% HP) [potion of
                  | mutation]
  1578 | D:3      | Lost mutation: Armour fits poorly on your strangely shaped
                  | body. [potion of mutation]
  1578 | D:3      | Gained mutation: Your flesh is cold resistant. (rC+)
                  | [potion of mutation]
  1578 | D:3      | Gained mutation: You have a pair of large horns on your
                  | head. [potion of mutation]
  1578 | D:3      | Gained mutation: You are agile. (Dex +4, Str/Int -1)
                  | [potion of mutation]
  1664 | D:3      | Noticed Grinder
  1672 | D:3      | Killed Grinder
  1673 | D:3      | Reached skill level 5 in Fighting
  1673 | D:3      | Reached XP level 5. HP: 50/50 MP: 4/4
  1673 | D:3      | Reached XP level 6. HP: 57/57 MP: 5/5
  1708 | D:3      | Found Gunkinul's Distillery.
  1714 | D:3      | Bought a potion of degeneration for 12 gold pieces
  1714 | D:3      | Bought a potion of curing for 36 gold pieces
  1714 | D:3      | Bought a potion of curing for 36 gold pieces
  1714 | D:3      | Bought a potion of heal wounds for 60 gold pieces
  1714 | D:3      | Bought a potion of magic for 96 gold pieces
  1714 | D:3      | Bought a potion of heal wounds for 60 gold pieces
  1844 | D:3      | Noticed Natasha
  1851 | D:3      | Killed Natasha
  2032 | D:4      | Noticed Robin
  2036 | D:4      | Noticed Ijyb
  2041 | D:4      | Killed Ijyb
  2045 | D:4      | Killed Robin
  2249 | D:4      | Found a staircase to the Ecumenical Temple.
  2335 | D:4      | Reached XP level 7. HP: 29/63 MP: 6/6
  2862 | D:4      | Found a broken altar of Ashenzari.
  3107 | D:5      | Entered Level 5 of the Dungeon
  3166 | D:5      | Noticed Pikel
  3176 | D:5      | Killed Pikel
  3177 | D:5      | Reached XP level 8. HP: 73/73 MP: 7/7
  3318 | D:5      | Reached skill level 10 in Axes
  4512 | D:6      | Noticed Duvessa
  4512 | D:6      | Noticed Dowan
  4523 | D:5      | Reached skill level 1 in Ranged Weapons
  4523 | D:5      | Reached XP level 9. HP: 77/82 MP: 8/8
  4543 | D:6      | Killed Duvessa
  4550 | D:6      | Killed Dowan
  4561 | D:6      | Reached skill level 2 in Ranged Weapons
  4609 | D:6      | Reached *** piety under Trog
  5027 | D:6      | Reached skill level 3 in Ranged Weapons
  5738 | D:6      | Found a large runed translucent door.
  5739 | D:6      | Found a large runed translucent door.
  5950 | D:6      | Reached skill level 4 in Ranged Weapons
  6271 | D:6      | Found a runed translucent door.
  6272 | D:6      | Noticed LobsterGuardian's ghost (novice DsGl)
  6328 | D:6      | Found a sacrificial altar of Ru.
  6338 | D:6      | Found a shadowy altar of Dithmenos.
  6406 | D:6      | Killed LobsterGuardian's ghost
  6407 | D:6      | Reached skill level 5 in Ranged Weapons
  7177 | D:7      | Reached XP level 10. HP: 76/93 MP: 9/9
  7225 | D:7      | Found a sparkling altar of Nemelex Xobeh.
  7437 | D:7      | Reached skill level 10 in Fighting
  7475 | D:8      | Reached skill level 6 in Ranged Weapons
  7769 | D:8      | Reached skill level 1 in Maces & Flails
  8273 | D:8      | Identified the +2 helmet of Ybbob {rC+ rN+ Int+3 SInv}
  8634 | D:9      | Found Nonollic's Weapon Shoppe.
  8635 | D:9      | Noticed a two-headed ogre
  8642 | D:9      | Killed a two-headed ogre
  8700 | D:9      | Bought a +0 arbalest for 76 gold pieces
  8710 | D:9      | Found Soomot's Magic Scroll Shop.
  8718 | D:9      | Bought a scroll of identify for 28 gold pieces
  8718 | D:9      | Bought a scroll of identify for 28 gold pieces
  8718 | D:9      | Bought 2 scrolls of identify for 56 gold pieces
  8718 | D:9      | Bought a scroll of fear for 56 gold pieces
  8718 | D:9      | Bought a scroll of teleportation for 42 gold pieces
  8718 | D:9      | Bought a scroll of fog for 56 gold pieces
  8718 | D:9      | Bought a scroll of identify for 28 gold pieces
  8718 | D:9      | Bought a scroll of noise for 14 gold pieces
  8782 | D:9      | Reached skill level 7 in Ranged Weapons
  9001 | D:9      | Identified the +4 short sword of Doom {holy, rElec rF+++
                  | Int-3}
  9103 | D:9      | Reached skill level 5 in Maces & Flails
  9105 | D:9      | Reached skill level 8 in Ranged Weapons
  9515 | D:9      | Found Hyupp's Book Shop.
  9710 | D:9      | Found Curocyg's Antique Armour Shop.
  9852 | D:10     | Entered Level 10 of the Dungeon
  9857 | D:10     | Reached XP level 11. HP: 89/101 MP: 10/10
 11733 | D:11     | Found a staircase to the Lair.
 11736 | D:11     | Noticed an oklob plant
 11748 | D:11     | Killed an oklob plant
 11824 | D:11     | Reached skill level 9 in Ranged Weapons
 11970 | D:11     | Noticed a cyan ugly thing
 12118 | D:11     | Killed a cyan ugly thing
 12840 | D:11     | Found a bloodstained altar of Trog.
 12961 | Lair:1   | Entered Level 1 of the Lair of Beasts
 13430 | Lair:1   | Reached skill level 10 in Ranged Weapons
 13441 | Lair:1   | Reached **** piety under Trog
 14135 | Lair:2   | Reached XP level 12. HP: 93/112 MP: 11/11
 14197 | Lair:2   | Noticed a six-headed hydra
 14203 | Lair:2   | Killed a six-headed hydra
 14292 | Lair:2   | Noticed an eight-headed hydra
 14366 | Lair:1   | Reached skill level 11 in Ranged Weapons
 14419 | Lair:2   | Reached skill level 10 in Maces & Flails
 14675 | Lair:2   | Found a staircase to the Snake Pit.
 14973 | Lair:2   | Killed an eight-headed hydra
 15445 | Lair:3   | Reached skill level 12 in Ranged Weapons
 15474 | Lair:3   | Acquired the +2 pair of gloves "Osuagraq" {Will+ Int+4
                  | SInv}
 15656 | Lair:3   | Found a staircase to the Shoals.
 16098 | Lair:4   | Noticed a four-headed hydra
 16108 | Lair:4   | Killed a four-headed hydra
 16139 | Lair:4   | Noticed a five-headed hydra
 16157 | Lair:3   | Killed a five-headed hydra
 16383 | Lair:4   | Reached XP level 13. HP: 106/122 MP: 12/12
 16424 | Lair:4   | Noticed Kirke
 16440 | Lair:4   | Killed Kirke
 16441 | Lair:4   | Reached skill level 13 in Ranged Weapons
 17003 | Lair:4   | Noticed Snorg
 17016 | Lair:4   | Killed Snorg
 17046 | Lair:4   | Identified the +8 sling "Qaklei Myqaa" {speed, *Slow rC+
                  | rN+ Int+4}
 17361 | Lair:5   | Entered Level 5 of the Lair of Beasts
 17452 | Lair:5   | Found a viscous altar of Jiyva.
 17452 | Lair:5   | Found a staircase to the Slime Pits.
 17588 | Lair:5   | Reached skill level 14 in Ranged Weapons
 17907 | Lair:5   | Upgraded the game from 0.30-a0-879-ga8ba668304 to
                  | 0.30-a0-881-g1ff12e1e11
 18071 | Lair:5   | Reached XP level 14. HP: 98/132 MP: 13/13
 18327 | Lair:5   | Reached skill level 15 in Ranged Weapons
 18356 | Lair:5   | Reached skill level 15 in Maces & Flails
 21692 | D:12     | Found a staircase to the Orcish Mines.
 21696 | Orc:1    | Entered Level 1 of the Orcish Mines
 22839 | Orc:2    | Entered Level 2 of the Orcish Mines
 22882 | Orc:1    | Reached ***** piety under Trog
 23176 | Orc:2    | Found a staircase to the Elven Halls.
 23430 | Orc:2    | Reached skill level 15 in Fighting
 23472 | Orc:2    | Received a gift from Trog
 23642 | Orc:2    | Reached skill level 16 in Ranged Weapons
 25434 | Orc:2    | Found Hifyl's Antique Armour Emporium.
 25434 | Orc:2    | Found Saopluk's Weapon Emporium.
 25435 | Orc:2    | Found Futzeck's Jewellery Shoppe.
 25439 | Orc:2    | Found Dowehoen's Jewellery Shoppe.
 25617 | Orc:2    | Bought a transparent plate armour for 1008 gold pieces
 25617 | Orc:2    | Identified the +8 plate armour of Keamp {Will+ Int+3} (You
                  | bought it in a shop on level 2 of the Orcish Mines)
 25630 | Orc:2    | Bought the ring "Detan" {Will+ rCorr Int+2 Dex+4} for 803
                  | gold pieces
 25633 | Orc:2    | Bought a ring of flight for 245 gold pieces
 26945 | D:13     | Found a gate to the Vaults.
 26953 | D:13     | Reached skill level 1 in Stealth
 26957 | D:13     | Reached skill level 1 in Evocations
 27181 | D:13     | Found Diag's Firing Range.
 27339 | D:13     | Reached XP level 15. HP: 125/141 MP: 14/14
 28041 | D:14     | Found a radiant altar of Vehumet.
 28348 | D:15     | Entered Level 15 of the Dungeon
 28348 | D:15     | Found a gate leading to a gauntlet.
 28357 | Gauntlet | Entered a Gauntlet
 28357 | Gauntlet | Found a transporter.
 28357 | Gauntlet | Found a runed translucent door.
 28358 | Gauntlet | Found a runed translucent door.
 28362 | Gauntlet | Found a transporter.
 28362 | Gauntlet | Found a transporter.
 28362 | Gauntlet | Found a transporter.
 28381 | Gauntlet | Found a transporter.
 28381 | Gauntlet | Found a transporter.
 28382 | Gauntlet | Found a transporter.
 28485 | Gauntlet | Found a runed translucent door.
 28485 | Gauntlet | Found a transporter.
 28486 | Gauntlet | Found a transporter.
 28486 | Gauntlet | Found a transporter.
 28540 | Gauntlet | Found a transporter.
 28546 | Gauntlet | Found a transporter.
 28546 | Gauntlet | Found a transporter.
 28568 | Gauntlet | Identified the amulet "Imeskuj" {Faith MP+9}
 28569 | Gauntlet | Gained mutation: Your spells are a little easier to cast,
                  | but a little less powerful. [a neqoxec]
 28660 | Gauntlet | Found a transporter.
 28685 | Gauntlet | Identified the ring "Kigoacw" {rF+ rCorr}
 28697 | Gauntlet | Reached skill level 17 in Ranged Weapons
 28842 | D:15     | Reached skill level 5 in Armour
 28888 | D:15     | Found a frozen archway.
 28909 | IceCv    | Entered an ice cave
 29932 | IceCv    | HP: 7/143 [ironbound frostheart[an orange crystal statue]
                  | (14)]
 29932 | IceCv    | Slain by an ironbound frostheart

Illustrated notes

Levels and vault maps discovered:
D:1:      minmay_arrival_solitary_statue, layout_rooms,
          nicolae_figureground_pulse
D:2:      layout_basic, hellmonk_ecumenical_altar_lost_god
D:3:      layout_rooms, serial_shops, nicolae_shop_trees, uniq_natasha,
          uniq_grinder
D:4:      layout_loops_corners, lemuel_doored_altar, minmay_temple_entry_arrows,
          nicolae_goblin_pals
D:5:      kennysheep_kobold_camp, layout_basic, minmay_manual_mandibuliform,
          uniq_pikel
D:6:      layout_loops_ring, jmf_multi_god_temple2, gammafunk_ghost_grave,
          nicolae_water_bricks, kennysheep_generic_room_7, uniq_duvessa
D:7:      layout_basic, nemelex_dance_club_becter
D:8:      layout_loops_corners, feat_on_display
D:9:      layout_roguey, serial_shops, shop, nicolae_shop_bloodbath_and_beyond,
          shop, nicolae_diamond_shop, blue_anna_alchemist
D:10:     layout_layer_cave, roderic_roman_lattice
D:11:     layout_loops_ring, dpeg_oklobed_lair, kb_lookout_dungeons_type,
          tgw_trog
D:12:     layout_stronghold, orc_0_dummy, serial_co_window_serial,
          co_window_corner_a, co_window_paths_b, co_window_of_opportunity_a,
          co_window_paths_a, co_window_of_opportunity_a,
          co_window_unsneaky_path_a, co_window_cross_4,
          co_window_unsneaky_path_a, co_window_cross_3, co_window_paths_d,
          glass_columns_a, glass_columns_b, glass_columns_a
D:13:     layout_rooms, lightli_vaults_fourway_checkpoint,
          nicolae_shop_firing_range
D:14:     layout_roguey, nicolae_vehumet_altar_sigil, minivault_26
D:15:     grunt_enter_depths_giant_problem, layout_long_grid,
          chequers_mini_garden, portal_ice_cave_entry_ice_statue_two,
          gauntlet_entry_generic, eino_house_with_fridge
Lair:1:   layout_cave_pods, grunt_megastairs_2, lemuel_fruit_fields
Lair:2:   layout_loops_ring, nicolae_snake_entry_squirm
Lair:3:   layout_cave_pods, minmay_shoals_entry_hut, grunt_megastairs_5
Lair:4:   layout_regular_city, grunt_megastairs_4, uniq_snorg, uniq_kirke
Lair:5:   minmay_lair_end_enchanted_forest, layout_gridlike, slime_entry_1,
          ldierk_geyser
Orc:1:    layout_caves, basic_altar, nicolae_orc_pool_cavern
Orc:2:    st_orc_mages, layout_caves
IceCv:    ice_cave_caverns_03

Skill      XL: |  1  2  3  4  5  6  7  8  9 10 11 12 13 14 15 |
---------------+----------------------------------------------+-----
Axes           | 4 5 7 8 9 12 13 14 | 14.5
Fighting       | 4 5 6 7 8 9 10 12 13 14 15 | 15.7
Ranged Weapons | 1 5 8 10 12 14 16 17 | 17.1
Maces & Flails | 5 9 12 14 16 | 16.2
Stealth        | 1 3 |  3.4
Armour         | 3 5 |  5.2
Evocations     | 1 3 |  3.3
Dodging        | |  2.1

Action                     |  1- 3 |  4- 6 |  7- 9 | 10-12 | 13-15 || total
---------------------------+-------+-------+-------+-------+-------++-------
  Melee: Hand axe          |    48 |       |       |       |       ||    48
         Headbutt          |    15 |     3 |    63 |    82 |   137 ||   300
         Punch             |     1 |     2 |       |       |       ||     3
         Quarterstaff      |    27 |     2 |       |       |       ||    29
         Flail             |       |    57 |    90 |       |       ||   147
         War axe           |       |       |   129 |    27 |       ||   156
         Trident           |       |       |     6 |       |       ||     6
         Dire flail        |       |       |       |   332 |   512 ||   844
         Great mace        |       |       |       |       |    11 ||    11
   Fire: Shortbow          |       |       |    63 |    19 |       ||    82
         Arbalest          |       |       |       |   151 |   432 ||   583
  Throw: Javelin           |       |     3 |       |       |     5 ||     8
         Stone             |       |       |     3 |       |       ||     3
         Dart              |       |       |    30 |    10 |    14 ||    54
 Invoke: Berserk           |     1 |     2 |    14 |    11 |     8 ||    36
         Trog's Hand       |     1 |     2 |     8 |    13 |    27 ||    51
         Brothers in Arms  |       |       |       |       |     1 ||     1
  Evoke: Wand              |       |       |     2 |     1 |     9 ||    12
    Use: Scroll            |     4 |     1 |     1 |    26 |    11 ||    43
         Potion            |       |     3 |     1 |     2 |     4 ||    10
   Stab: Sleeping          |     2 |     1 |       |       |       ||     3
         Distracted        |       |       |       |       |     1 ||     1
         Invisible         |       |       |       |       |     1 ||     1
 Armour: Animal skin       |    17 |    10 |       |       |       ||    27
         Chain mail        |       |     6 |    11 |       |       ||    17
         Plate armour      |       |       |   124 |   218 |   506 ||   848
         Skin              |       |       |       |    23 |       ||    23
  Dodge: Dodged            |    44 |    47 |   106 |   206 |   507 ||   910

Table legend: (Time is in decaauts)
 A = Elapsed time spent in this place.
 B = Non-inter-level travel time spent in this place.
 C = Inter-level travel time spent in this place.
 D = Time resting spent in this place.
 E = Time spent auto-exploring this place.
 F = Levels seen in this place.
 G = Mean time per level.
                   A        B        C        D        E       F      G
               +--------+--------+--------+--------+--------+-----+--------+
         Total |  30454 |  29503 |    951 |  10692 |  13949 |  24 | 1268.9 |
       Dungeon |  17468 |  16917 |    551 |   4605 |   9757 |  15 | 1164.5 |
          Lair |   7467 |   7167 |    300 |   2357 |   3479 |   5 | 1493.4 |
  Orcish Mines |   4103 |   4004 |     99 |   2648 |    708 |   2 | 2051.5 |
      Ice Cave |   1032 |   1032 |      0 |    906 |      0 |   1 | 1032.0 |
      Gauntlet |    382 |    382 |      0 |    174 |      4 |   1 |  382.0 |
               +--------+--------+--------+--------+--------+-----+--------+

Top non-repeatable levels by time:
  Lair:5: 2929 daAuts
   Orc:2: 2807 daAuts
     D:6: 1878 daAuts
    D:12: 1759 daAuts
    D:11: 1612 daAuts
     D:5: 1601 daAuts
    D:10: 1584 daAuts
    D:13: 1498 daAuts
   Orc:1: 1295 daAuts
  Lair:4: 1253 daAuts
     D:9: 1243 daAuts
  Lair:1: 1225 daAuts
  Lair:3: 1200 daAuts
     D:8: 1180 daAuts
     D:4: 1111 daAuts
